 Dungeon Crawl Stone Soup version 0.26-a0-20-g5f92b90fa0 (webtiles) character file.

Game seed: 2801349786977122033, levelgen mode: deterministic

51 MisterFreud the Skirmisher (level 3, -1/27 HPs)
             Began as an Octopode Gladiator on May 25, 2020.
             Slain by a centaur (4 damage)
             ... on level 2 of the Dungeon.
             The game lasted 00:02:57 (1146 turns).

MisterFreud the Skirmisher (Octopode Gladiator)     Turns: 1146, Time: 00:02:57

Health: -1/27      AC:  1    Str: 13    XL:     3   Next: 81%
Magic:  3/3        EV: 14    Int: 11    God:
Gold:   81         SH:  0    Dex: 13    Spells: 2/2 levels left

rFire    . . .     SeeInvis .   a - +0 long sword
rCold    . . .     Gourm    .   (no shield)
rNeg     . . .     Faith    .   b - +0 hat
rPois    .         Spirit   .   (no amulet)
rElec    .         Reflect  .   g - ring of protection from magic
rCorr    .         Harm     .   (no ring)
MR       +....                  (no ring)
Stlth    ++........             (no ring)
HPRegen  0.09/turn              (no ring)
MPRegen  0.08/turn              (no ring)
                                (no ring)
                                (no ring)

@: no status effects
A: almost no armour, stealthy swim, amphibious, 8 rings, constrict 8, camouflage
1, gelatinous body 1
a: no special abilities


You were on level 2 of the Dungeon.
You were not hungry.

You visited 1 branch of the dungeon, and saw 2 of its levels.

You collected 81 gold pieces.

Inventory:

Hand Weapons
 a - a +0 long sword (weapon)
Missiles
 c - 3 throwing nets (quivered)
Armour
 b - a +0 hat (worn)
Jewellery
 g - a ring of protection from magic (left tentacle)
Scrolls
 e - 3 scrolls of identify {unknown}
 f - a scroll of remove curse {unknown}
 h - a scroll of noise {unknown}
 j - 2 scrolls of teleportation {unknown}
 k - a scroll of blinking {unknown}
 m - a scroll of enchant armour {unknown}
 n - 2 scrolls of immolation {unknown}
Potions
 l - a potion of flight {unknown}
 o - 2 potions of heal wounds {unknown}
 p - 2 potions of might {unknown}
 q - a potion of cancellation {unknown}
Comestibles
 d - 7 rations
 i - 4 chunks of flesh


   Skills:
 - Level 4.0 Fighting
 + Level 3.0 Long Blades
 - Level 2.0 Throwing
 - Level 3.0 Dodging


You had 2 spell levels left.
You didn't know any spells.
Your spell library was empty.

Dungeon Overview and Level Annotations

Branches:
Dungeon (2/15)

Altars:


Innate Abilities, Weirdness & Mutations

You cannot wear most types of armour.
You are very stealthy in the water. (Stealth+)
You are amphibious.
You can wear up to eight rings at the same time.
You can use your tentacles to constrict eight enemies at once.
Your skin changes colour to match your surroundings (Stealth+).
Your rubbery body absorbs attacks. (AC +1, EV +1)


Message History

j - 2 scrolls labeled KYMEK MUAFENNU (gained 1)
Found 27 arrows.
A centaur comes into view.
A centaur is nearby!
The centaur shouts!
You hear an angry hiss.
The centaur wields a +0 shortbow.
The centaur shoots an arrow.
The arrow hits you!
The centaur shoots an arrow.
The arrow completely misses you.
You hear an angry hiss.
The centaur unwields a +0 shortbow.
The centaur barely misses you.
You slash the centaur!
The centaur is moderately wounded.
The centaur hits you. The centaur hits you!
* * * LOW HITPOINT WARNING * * *
You hit the centaur. You squeeze the centaur.
The centaur is severely wounded.
The centaur barely misses you.
You riposte.
You hit the centaur.
The centaur is almost dead.
The centaur hits you.
You die...

### ..## #.. #.#
#.##.###.##
......c@..#
#.#.####.(#
#..########
.#.####..........
...(....#########
###.# ##.####...#
....# ###.# #####
#. #.# # #.## #.#


You could see a centaur.

Vanquished Creatures
  An adder (D:2)
  A dart slug (D:1)
  A giant cockroach (D:1)
  5 goblins
  6 hobgoblins
  2 jackals (D:1)
  9 kobolds
  2 quokkas (D:2)
  3 bats (D:1)
  4 frilled lizards
  4 rats
38 creatures vanquished.

Notes
Turn   | Place    | Note
-------+----------+-------------------------------------------
     0 | D:1      | MisterFreud the Octopode Gladiator began the quest for the
                  | Orb.
     0 | D:1      | Reached XP level 1. HP: 14/14 MP: 1/1
    69 | D:1      | Reached XP level 2. HP: 8/20 MP: 2/2
   392 | D:1      | Reached skill level 3 in Fighting
   688 | D:1      | Reached XP level 3. HP: 26/26 MP: 3/3
  1004 | D:2      | Reached skill level 4 in Fighting
  1141 | D:2      | Noticed a centaur
  1146 | D:2      | Slain by a centaur

Illustrated notes

Levels and vault maps discovered:
D:1:      minmay_arrival_statue_studded, layout_rooms,
          chequers_serial_rivers_micro_a
D:2:      layout_loops_ring, first_ration, minmay_hexomino_c4

Skill      XL: |  1  2  3 |
---------------+----------+-----
Fighting       | 3 4 |  4.0
Long Blades    | |  3.0
Throwing       | |  2.0
Dodging        | |  3.0

Action                   || total
-------------------------++-------
Melee: Long sword        ||    49
       Constrict         ||    19
       Tentacles         ||    11
 Stab: Sleeping          ||     4
  Eat: Chunk             ||     1
Armor: Skin              ||     1
Dodge: Dodged            ||    39
       Rpst.: Long sword ||    16

Table legend:
 A = Non-vault XP
 B = Vault XP
 C = Vault XP percentage of total XP
 D = Non-vault monster count
 E = Vault monster count
 F = Vault count percentage of total count
                 A         B        C        D         E       F
            +---------+---------+-------+---------+---------+-------
      Total |      73 |       0 |   0.0 |      38 |       0 |   0.0
            +---------+---------+-------+---------+---------+-------
        D:1 |      40 |       0 |   0.0 |      24 |       0 |   0.0
        D:2 |      33 |       0 |   0.0 |      14 |       0 |   0.0
            +---------+---------+-------+---------+---------+-------
